cohdb
Replays
Latest Replays
All Replays
Popular Replays
Top Player Replays
Match Explorer
How It Works
Community
CoH3 Stats
Reddit
Sign in to upload your games and track your stats! →
Sign in with Steam
Match 40920679
Unlisted
Match 40920679
Overview
Messages
Build Orders
End
Engineer Squad
Selects Airborne Battlegroup
Construct Weapon Support Center
Selects Pathfinders
M1919 Machine Gun Team
Sniper
Infantry Support Center
Pathfinder Squad
Selects Paratrooper Squad Paradrop
Paratrooper Squad Paradrop
Paratrooper Squad Paradrop
Survival Training
Selects Anti-tank Gun Team Paradrop
Anti-tank Gun Team Paradrop
Munitions Surplus
Forward Retreat Point
M3 Armored Personnel Carrier
Demolitions Package
Selects Recon Loiter
Selects Supply Drop
Advanced Logistics
Improved M9 Bazooka Rockets
.30 cal Machine Gun
Paratrooper Squad Paradrop
Captain Retinue
Recon Loiter
Selects Carpet Bombing Run
Recon Loiter
Carpet Bombing Run
.30 cal Machine Gun
Recon Loiter
Supply Drop
JackieChan
Hoze
SneaKerz
gb_gbg
Hydr₳ Dominαtus
Kavkoo
RobyAk-47
OttoSkorz
0
0
Comments
sign in to comment!
No comments posted yet!